 Dungeon Crawl Stone Soup version 0.24-a0-520-g8fd06ad0bc (webtiles) character file.

Game seed: 6979413719490102358

111 DasRunzen the Skirmisher (level 4, -7/41 HPs)
             Began as a Draconian Berserker on July 24, 2019.
             Was a Priest of Trog.
             Mangled by an ogre
             ... wielding a +0 giant club
              (17 damage)
             ... on level 4 of the Dungeon.
             The game lasted 00:04:27 (2348 turns).

DasRunzen the Skirmisher (Draconian Berserker)      Turns: 2348, Time: 00:04:28

Health: -7/41      AC:  5    Str: 22    XL:     4   Next: 62%
Magic:  4/4        EV: 13    Int:  8    God:    Trog [***...]
Gold:   150        SH:  0    Dex: 10    Spells: 3/3 levels left

rFire    . . .     SeeInvis .   a - +0 hand axe
rCold    . . .     Gourm    .   (no shield)
rNeg     . . .     Faith    .   (armour unavailable)
rPois    .         Spirit   .   (helmet restricted)
rElec    .         Reflect  .   (no cloak)
rCorr    .         Harm     .   (no gloves)
MR       .....                  (no boots)
Stlth    +.........             d - amulet of magic regeneration
HPRegen  0.13/turn              j - +2 ring of strength
MPRegen  0.34/turn              (no ring)

@: no status effects
A: unfitting armour, cold-blooded, AC +5
a: Berserk, Trog's Hand, Renounce Religion


You were on level 4 of the Dungeon.
You worshipped Trog.
Trog was most pleased with you.
You were hungry.

You visited 1 branch of the dungeon, and saw 4 of its levels.

You collected 150 gold pieces.

Inventory:

Hand Weapons
 a - a +0 hand axe (weapon)
Jewellery
 d - an amulet of magic regeneration (around neck)
 j - a +2 ring of strength (left hand)
Scrolls
 f - 3 scrolls of fear
 i - a scroll of fog
 l - a scroll of enchant armour
 n - a scroll of immolation {unknown}
Potions
 c - 4 potions of curing
 e - a potion of lignification
 g - 3 potions of haste {unknown}
 h - a potion of might {unknown}
 k - a potion of brilliance {unknown}
 m - a potion of flight {unknown}
 o - a potion of degeneration {unknown}
Comestibles
 b - 11 rations


   Skills:
 + Level 4.3 Fighting
 + Level 4.0 Axes
 + Level 3.6 Dodging


You had 3 spell levels left.
You didn't know any spells.
Your spell library was empty.

Dungeon Overview and Level Annotations

Branches:
Dungeon (4/15)
 Temple: D:4-7

Altars:
Dithmenos
Nemelex Xobeh
Okawaru
Trog
Uskayaw
Zin


Innate Abilities, Weirdness & Mutations

Your plain brown scales are hard. (AC +5)
You cannot fit into any form of body armour.
You are cold-blooded and may be slowed by cold attacks.


Message History

The ogre hits you with a +0 giant club.
You hit the ogre. You tail-slap the ogre.
The ogre is heavily wounded.
The ogre hits you with a +0 giant club!
* * * LOW HITPOINT WARNING * * *
You hit the ogre.
Your tail-slap misses the ogre.
The ogre is heavily wounded.
You barely miss the ogre.
The ogre is heavily wounded.
The ogre misses you.
You hit the ogre.
The ogre is severely wounded.
The ogre barely misses you.
You hit the ogre.
The ogre is severely wounded.
The ogre barely misses you.
You slash the ogre!
The ogre is almost dead.
The ogre hits you with a +0 giant club!
You die...

..########.##
#.##### ..# #.#
#.# #.# #.# #.#
#.# #.# #.# #.#
.. #.# #.#
#.######## #.#
#######.........
.#
........########
.)....)@.......
.......O#######
........#
........#
........#
........#
........#
........#


You could see an ogre.

Vanquished Creatures
  2 adders
  An ooze (D:1)
  2 worms (D:2)
  3 dart slugs
  A leopard gecko (D:1)
  3 orcs
  2 ball pythons (D:3)
  3 giant cockroaches
  5 goblins
  8 hobgoblins
  5 jackals (D:2)
  7 kobolds
  A quokka (D:3)
  12 bats
  5 frilled lizards
  11 rats
71 creatures vanquished.

Notes
Turn   | Place    | Note
-------+----------+-------------------------------------------
     0 | D:1      | DasRunzen the Draconian Berserker began the quest for the
                  | Orb.
     0 | D:1      | Reached XP level 1. HP: 19/19 MP: 1/1
    71 | D:1      | Reached XP level 2. HP: 15/26 MP: 2/2
   538 | D:1      | Reached XP level 3. HP: 32/33 MP: 3/3
   805 | D:2      | Found a bloodstained altar of Trog.
   850 | D:2      | Found a shadowy altar of Dithmenos.
   870 | D:2      | Reached ** piety under Trog
  1290 | D:2      | Found a sparkling altar of Nemelex Xobeh.
  1364 | D:2      | Reached XP level 4. HP: 27/40 MP: 4/4
  1454 | D:2      | Found a hide-covered altar of Uskayaw.
  1722 | D:2      | Found a glowing silver altar of Zin.
  2025 | D:3      | Reached *** piety under Trog
  2086 | D:3      | Found a sparkling altar of Nemelex Xobeh.
  2317 | D:4      | Found an iron altar of Okawaru.
  2336 | D:4      | Noticed an ogre
  2348 | D:4      | Mangled by an ogre

Levels and vault maps discovered:
D:1:      scummos_arrival_checkerplants, layout_basic, hex_medium
D:2:      layout_basic, nicolae_dithmenos_shadow_blocks, nemelex_altar_shiori,
          zin_treasury, old_standard_altar, eat_drink_and_be_merry_uskayaw,
          first_ration
D:3:      layout_rooms, nemelex_diamond_rough_becter
D:4:      layout_loops_ring, kennysheep_little_box, overflow_temple_1_default,
          okawaru_metal_pillars_1_2

Skill      XL: |  1  2  3  4 |
---------------+-------------+-----
Dodging        | 3 |  3.6
Fighting       | 4 |  4.3
Axes           | 4 |  4.0

Action                   |  1- 3 |  4- 6 || total
-------------------------+-------+-------++-------
Melee: Hand axe          |   138 |    84 ||   222
       Tailslap          |    12 |     6 ||    18
  Use: Scroll            |     5 |     3 ||     8
 Stab: Sleeping          |     1 |       ||     1
  Eat: Chunk             |     2 |     2 ||     4
Armor: Skin              |    30 |    30 ||    60
Dodge: Dodged            |   114 |    64 ||   178

Table legend:
 A = Non-vault XP
 B = Vault XP
 C = Vault XP percentage of total XP
 D = Non-vault monster count
 E = Vault monster count
 F = Vault count percentage of total count
                 A         B        C        D         E       F
            +---------+---------+-------+---------+---------+-------
      Total |     159 |       0 |   0.0 |      71 |       0 |   0.0
            +---------+---------+-------+---------+---------+-------
        D:1 |      44 |       0 |   0.0 |      22 |       0 |   0.0
        D:2 |      67 |       0 |   0.0 |      29 |       0 |   0.0
        D:3 |      39 |       0 |   0.0 |      17 |       0 |   0.0
        D:4 |       9 |       0 |   0.0 |       3 |       0 |   0.0
            +---------+---------+-------+---------+---------+-------
